 Dungeon Crawl Stone Soup version 0.20-b1-24-gb21faa7 (webtiles) character file.

634 miragecloak the Insei (level 7, 0/43 HPs)
             Began as an Octopode Transmuter on May 25, 2017.
             Succumbed to a scorpion's poison
             ... on level 5 of the Dungeon.
             The game lasted 00:05:03 (4760 turns).

miragecloak the Insei (Octopode Transmuter)         Turns: 4760, Time: 00:05:04

Health: 0/43       AC:  2    Str:  9    XL:     7   Next: 49%
Magic:  8/10       EV: 20    Int: 15    God:
Gold:   229        SH:  0    Dex: 20    Spells: 6/10 levels left

rFire    . . .     SeeInvis .     - Unarmed
rCold    . . .     Gourm    .   (shield currently unavailable)
rNeg     . . .     Faith    .   (helmet currently unavailable)
rPois    x         Spirit   .   (no amulet)
rElec    .         Reflect  .   (no ring)
rCorr    .         Harm     .   (no ring)
MR       .....                  (no ring)
Stlth    ++........             (no ring)
Regen    0.2/turn               (no ring)
MPRegen  0.2/turn               (no ring)
                                (no ring)
                                (no ring)

@: lethally poisoned (0 -> -25), spider-form
A: almost no armour, stealthy swim, (amphibious), 8 rings, (constrict 8)
a: End Transformation


You were on level 5 of the Dungeon.
You were not hungry.
You were a venomous arachnid creature.
You visited 1 branch of the dungeon, and saw 5 of its levels.

You collected 255 gold pieces.
You spent 26 gold pieces at shops.

Inventory:

Missiles
 a - 31 arrows
Magical Staves
 t - an uncursed staff of summoning {unknown}
Jewellery
 k - an uncursed ring of stealth {unknown}
 l - an uncursed ring of protection from fire {unknown}
 y - an uncursed ring of protection from magic {unknown}
Wands
 c - a wand of polymorph (13/24)
Scrolls
 e - 7 scrolls of identify {unknown}
 g - a scroll of recharging {unknown}
 h - a scroll of amnesia {unknown}
 i - 3 scrolls of teleportation {unknown}
 m - a scroll of enchant weapon {unknown}
 p - 3 scrolls of remove curse {unknown}
 u - 3 scrolls of fog {unknown}
 v - 4 scrolls of enchant armour {unknown}
Potions
 f - 3 potions of curing {unknown}
 j - a potion of magic {unknown}
 n - a potion of cancellation {unknown}
 r - a potion of flight {unknown}
 s - a potion of ambrosia {unknown}
 w - 3 potions of heal wounds {unknown}
 x - a potion of resistance {unknown}
Books
 b - a book of Changes

   Spells                             Type                      Level
   a - Beastly Appendage              Transmutation                1
   b - Sticks to Snakes               Transmutation                2
   c - Spider Form                    Transmutation/Poison         3
   d - Ice Form                       Ice/Transmutation            4
   e - Blade Hands                    Transmutation                5
Comestibles
 d - 4 meat rations
 o - a bread ration
 q - 2 royal jellies
 z - 5 chunks of flesh


   Skills:
 - Level 1.0 Fighting
 - Level 2.0 Dodging
 + Level 6.7 Unarmed Combat
 - Level 2.0 Spellcasting
 - Level 4.2 Transmutations
 - Level 3.8 Poison Magic


You had 6 spell levels left.
You knew the following spells:

 Your Spells              Type           Power        Failure   Level  Hunger
a - Beastly Appendage     Tmut           ##....       13%         1    #......
b - Spider Form           Tmut/Pois      ##........   30%         3    ###....


Dungeon Overview and Level Annotations

Branches:
Dungeon (5/15)
 Temple: D:4-7

Altars:
Qazlal
Yredelemnul

Shops:
D:4 *

Annotations:
D:3 1 runed door, KeyserSoze's ghost, amateur VSFi; Terence


Innate Abilities, Weirdness & Mutations

You cannot wear most types of armour.
You are very stealthy in the water. (Stealth+)
((You are amphibious.))
You can wear up to eight rings at the same time.
((You can use your tentacles to constrict eight enemies at once.))
((Your skin changes colour to match your surroundings (Stealth+).))
((Your rubbery body absorbs attacks. (AC +1, EV +1)))


Message History

You feel very sick. The ice beast closely misses you.
You are too injured to fight recklessly!
You are too injured to fight recklessly!
You are too injured to fight recklessly!
You hit the ice beast.
The ice beast is moderately wounded.
You feel very sick. The ice beast closely misses you.
You feel very sick.
You feel very sick.
* * * LOW HITPOINT WARNING * * *
You feel very sick.
* * * LOW HITPOINT WARNING * * *
You feel very sick.
* * * LOW HITPOINT WARNING * * *
You feel sick.
* * * LOW HITPOINT WARNING * * *
You feel very sick.
You die...

#. #..#<##.## #. #..#.#)[.##
#. #. #..#......## #..###.##
#............#
#.......####.#####.#......####
......†..............#...##
#.####..# #######.#.##.##
.........#########.#.##.#
##..........Y.s.........#
.....................####
######################


You could see an ice beast.

Vanquished Creatures
  A bullfrog (D:5)
  2 scorpions
  2 crimson imps
  A jelly (D:5)
  2 hounds (D:4)
  A bullfrog skeleton (D:4)
  An orc wizard (D:4)
  A centaur skeleton (D:5)
  An iguana (D:5)
  2 worker ants (D:5)
  5 adders
  A shadow imp (D:5)
  2 oozes (D:3)
  An adder zombie (D:5)
  A dart slug (D:1)
  2 worms
  2 leopard geckos (D:1)
  7 orcs (D:5)
  2 ball pythons (D:1)
  8 bats
  5 giant cockroaches
  4 hobgoblins
  8 jackals
  8 frilled lizards
  4 goblins
  A jackal zombie (D:3)
  6 kobolds
  A kobold zombie (D:3)
  2 leopard gecko skeletons
  8 rats
92 creatures vanquished.

Notes
Turn   | Place    | Note
-------+----------+-------------------------------------------
     0 | D:1      | miragecloak the Octopode Transmuter began the quest for the Orb.
     0 | D:1      | Reached XP level 1. HP: 13/13 MP: 3/3
    46 | D:1      | You fall through a shaft!
    79 | D:2      | Found a stormy altar of Qazlal.
   287 | D:1      | Reached XP level 2. HP: 11/18 MP: 3/5
  1050 | D:1      | Reached XP level 3. HP: 17/23 MP: 4/6
  1055 | D:1      | Learned a level 3 spell: Spider Form
  1569 | D:1      | Reached skill level 1 in Poison Magic
  2036 | D:3      | Noticed Terence
  2481 | D:3      | Reached XP level 4. HP: 28/28 MP: 3/7
  2482 | D:3      | Found a faded altar of an unknown god.
  2739 | D:3      | Found a runed door.
  2739 | D:3      | Noticed a human
  2748 | D:3      | Found a basalt altar of Yredelemnul.
  2865 | D:3      | Noticed KeyserSoze's ghost (amateur VSFi)
  2871 | D:4      | Noticed an ogre
  2877 | D:4      | Found Vagu's Assorted Antiques.
  2977 | D:4      | Reached XP level 5. HP: 32/33 MP: 5/8
  3003 | D:4      | Bought a scroll labeled KAISMA ZAI for 26 gold pieces
  3123 | D:4      | Reached skill level 4 in Unarmed Combat
  3123 | D:4      | Reached XP level 6. HP: 35/38 MP: 5/9
  3281 | D:5      | Entered Level 5 of the Dungeon
  3774 | D:5      | Reached skill level 5 in Unarmed Combat
  4080 | D:5      | Reached XP level 7. HP: 25/43 MP: 4/10
  4312 | D:5      | Reached skill level 6 in Unarmed Combat
  4759 | D:5      | HP: 2/43 [poisoned by a scorpion]
  4760 | D:5      | Succumbed to a scorpion's poison

Skill      XL: |  1  2  3  4  5  6  7 |
---------------+----------------------+-----
Transmutations | 3 4 |  4.2
Poison Magic   | 1 3 |  3.8
Unarmed Combat | 4 5 6 |  6.7
Fighting       | |  1.0
Dodging        | |  2.0
Spellcasting   | |  2.0

Action                   |  1- 3 |  4- 6 |  7- 9 || total
-------------------------+-------+-------+-------++-------
Melee: Unarmed           |    80 |   132 |    54 ||   266
       Constrict         |    17 |     6 |     4 ||    27
       Kick              |    11 |       |       ||    11
       Tentacles         |     9 |     3 |     5 ||    17
       Punch             |     1 |       |       ||     1
 Cast: Beastly Appendage |    24 |       |       ||    24
       Spider Form       |     9 |    18 |     6 ||    33
 Stab: Sleeping          |     6 |       |     1 ||     7
  Eat: Chunk             |     2 |     8 |     4 ||    14
       Bread ration      |     1 |       |       ||     1
Armor: Skin              |     8 |    12 |       ||    20
Dodge: Dodged            |    65 |   124 |    36 ||   225
